AoeStats
← Killerqueen

Four Lakes

510178838Analyzed
1v1 RM · 1d ago on Sep 29, 2026· 30m 30s· 2 players
Game mode
Random Map
Map size
Tiny (2 player)
Population
200
Speed
Normal
Resources
Standard
Victory
Conquest
Starting age
Dark Age
Ending age
Imperial Age
RankedLock teamsTeams togetherTeam positionsShared explorationLock speedFull tech treeHidden civsTurbo modeCheats
Victory
Defeat
🇧🇷 Varangians · Brazil
1597
+13
🇦🇹 Burgundians · Austria
1529
-13
Killerqueen
2:32 Loom
4:04 Double-Bit Axe
11:16 Feudal Age
12:13 Bow Saw
13:04 Fishing Lines
16:38 Castle Age
15:22 Gold Mining
21:28 Squires
25:25 Scale Mail Armor
28:20 Wheelbarrow
30:04 Chain Mail Armor
30:25 Arson
EmpSweden
7:29 Loom
9:49 Feudal Age
14:59 Castle Age
13:07 Fishing Lines
13:38 Double-Bit Axe
16:54 Bloodlines
22:00 Scale Barding Armor
22:06 Forging
24:18 Wheelbarrow
24:08 Horse Collar
25:15 Bow Saw
25:08 Town Watch
26:29 Gillnets
27:09 Stone Mining
27:12 Gold Mining
27:53 Squires
27:56 Scale Mail Armor
30:12 Chain Mail Armor
Connection lost

Rejoining the realm…

Still unreachable

The connection could not be restored.

Session expired

The server has moved on; the page needs a fresh start.